| TOP OF THE 1ST |
|
Milwaukee (NYP) Brewers batting - Pitching for Brooklyn Cyclones : LHP Brad Guffin
|
|
Pitching: LHP Brad Guffin
|
|
|
Batting: RHB Chris Maul
|
0-0: Ball 1-0: Called Strike 1-1: Ball 2-1: Fly out, F9 (Flyball, 9LS, EV 84.4 MPH)
|
|
Batting: RHB Alfredo Sena
|
0-0: Called Strike 0-1: Ball 1-1: Ground out 5-3 (Groundball, 5, EV 100.0 MPH)
|
|
Batting: RHB Tristan Smeets
|
0-0: Ball 1-0: Called Strike 1-1: Foul Ball, location: 2F 1-2: Foul Ball, location: 2F 1-2: Strikes out swinging
|
| Top of the 1st over - 0 runs, 0 hits, 0 errors, 0 left on base; Milwaukee (NYP) 0 - Brooklyn 0 |
| BOTTOM OF THE 1ST |
|
Brooklyn Cyclones batting - Pitching for Milwaukee (NYP) Brewers : RHP Jayden Whittick
|
|
Pitching: RHP Jayden Whittick
|
|
|
Batting: SHB Callum Lynch
|
0-0: Ball 1-0: Fly out, F8 (Flyball, 8LM, EV 93.8 MPH)
|
|
Batting: RHB Jack Nickleberry
|
0-0: SINGLE (Groundball, 6MD, EV 104.4 MPH)
|
|
Batting: SHB Tyler Maddux
|
0-0: Ball 1-0: Ball Jack Nickleberry steals 2nd base 2-0: Ball 3-0: Called Strike 3-1: SINGLE (Line Drive, 89M, EV 100.6 MPH) Jack Nickleberry to third Runner from 3rd tries for Home, SAFE, throw by RF to home
|
|
Batting: RHB Jake Geib
|
0-0: Ball Tyler Maddux steals 2nd base 1-0: Swinging Strike 1-1: Swinging Strike 1-2: Strikes out swinging
|
|
Batting: SHB Nick Daigle
|
0-0: Ball 1-0: Ball 2-0: Ball 3-0: Base on Balls
|
|
Batting: RHB Coltin Nellis
|
0-0: Fielders Choice at 2nd, 6-4 (Groundball, 6, EV 88.8 MPH)
|
| Bottom of the 1st over - 1 run, 2 hits, 0 errors, 2 left on base; Milwaukee (NYP) 0 - Brooklyn 1 |
| TOP OF THE 2ND |
|
Milwaukee (NYP) Brewers batting - Pitching for Brooklyn Cyclones : LHP Brad Guffin
|
|
Batting: RHB Xiao-shuang Au
|
0-0: Foul Ball, location: 2F 0-1: Ground out 6-3 (Groundball, 6, EV 85.6 MPH)
|
|
Batting: RHB Jeremy Harden
|
0-0: Swinging Strike 0-1: Fly out, F7 (Line Drive, 78M, EV 103.8 MPH)
|
|
Batting: RHB Ryan Miller
|
0-0: Called Strike 0-1: Ball 1-1: Called Strike 1-2: Ball 2-2: Ball 3-2: Base on Balls
|
|
Batting: LHB Fumito Sakurai
|
0-0: Called Strike 0-1: Called Strike 0-2: Strikes out looking
|
| Top of the 2nd over - 0 runs, 0 hits, 0 errors, 1 left on base; Milwaukee (NYP) 0 - Brooklyn 1 |
| BOTTOM OF THE 2ND |
|
Brooklyn Cyclones batting - Pitching for Milwaukee (NYP) Brewers : RHP Jayden Whittick
|
|
Batting: RHB Gang-sheng Chew
|
0-0: Fly out, F3 (Popup, 3SF, EV 76.2 MPH)
|
|
Batting: SHB Salvador Gomez
|
0-0: Called Strike 0-1: Foul Ball, location: 2F 0-2: Ball 1-2: Foul Ball, location: 2F 1-2: Foul Ball, location: 2F 1-2: Ground out U3 (Groundball, 34, EV 103.8 MPH)
|
|
Batting: RHB Chris Pynn
|
0-0: Called Strike 0-1: Called Strike 0-2: Ball 1-2: Foul Ball, location: 2F 1-2: Ball 2-2: Ball 3-2: Base on Balls
|
|
Batting: SHB Callum Lynch
|
0-0: Called Strike 0-1: Ball 1-1: Fly out, F8 (Flyball, 78D, EV 103.1 MPH)
|
| Bottom of the 2nd over - 0 runs, 0 hits, 0 errors, 1 left on base; Milwaukee (NYP) 0 - Brooklyn 1 |
| TOP OF THE 3RD |
|
Milwaukee (NYP) Brewers batting - Pitching for Brooklyn Cyclones : LHP Brad Guffin
|
|
Batting: RHB Tony Beaumond
|
0-0: Ball 1-0: Foul Ball, location: 2F 1-1: Ball 2-1: Ball 3-1: Base on Balls
|
|
Batting: RHB Chris Riddel
|
0-0: Ball 1-0: Fly out, F8 (Line Drive, 78D, EV 91.9 MPH)
|
|
Batting: RHB Chris Maul
|
0-0: Ball 1-0: Ball 2-0: Ball 3-0: Called Strike 3-1: Fielders Choice at 2nd, 4-6 (Groundball, 4, EV 108.1 MPH)
|
|
Batting: RHB Alfredo Sena
|
0-0: Ball Passed Ball! Chris Maul to second 1-0: Called Strike 1-1: Swinging Strike 1-2: Ball 2-2: Fly out, F9 (Flyball, 89XD, EV 100.6 MPH)
|
| Top of the 3rd over - 0 runs, 0 hits, 0 errors, 1 left on base; Milwaukee (NYP) 0 - Brooklyn 1 |
| BOTTOM OF THE 3RD |
|
Brooklyn Cyclones batting - Pitching for Milwaukee (NYP) Brewers : RHP Jayden Whittick
|
|
Batting: RHB Jack Nickleberry
|
0-0: Ball 1-0: Ball 2-0: Fly out, F4 (Popup, 3S, EV 78.1 MPH)
|
|
Batting: SHB Tyler Maddux
|
0-0: Called Strike 0-1: Ground out U3 (Groundball, 3, EV 93.1 MPH)
|
|
Batting: RHB Jake Geib
|
0-0: Fly out, F7 (Flyball, 78S, EV 84.4 MPH)
|
| Bottom of the 3rd over - 0 runs, 0 hits, 0 errors, 0 left on base; Milwaukee (NYP) 0 - Brooklyn 1 |
| TOP OF THE 4TH |
|
Milwaukee (NYP) Brewers batting - Pitching for Brooklyn Cyclones : LHP Brad Guffin
|
|
Batting: RHB Tristan Smeets
|
0-0: Ball 1-0: Called Strike 1-1: Ball 2-1: Fly out, F4 (Line Drive, 4, EV 68.8 MPH)
|
|
Batting: RHB Xiao-shuang Au
|
0-0: Foul Ball, location: 2F 0-1: Foul Ball, location: 2F 0-2: Strikes out swinging
|
|
Batting: RHB Jeremy Harden
|
0-0: SOLO HOME RUN (Flyball, 7LD, EV 94.4 MPH), Distance : 349 ft
|
|
Batting: RHB Ryan Miller
|
0-0: Called Strike 0-1: Called Strike 0-2: Ball 1-2: Strikes out swinging
|
| Top of the 4th over - 1 run, 1 hit, 0 errors, 0 left on base; Milwaukee (NYP) 1 - Brooklyn 1 |
| BOTTOM OF THE 4TH |
|
Brooklyn Cyclones batting - Pitching for Milwaukee (NYP) Brewers : RHP Jayden Whittick
|
|
Batting: SHB Nick Daigle
|
0-0: Called Strike 0-1: Ball 1-1: Ball 2-1: Ball 3-1: Base on Balls
|
|
Batting: RHB Coltin Nellis
|
0-0: Called Strike 0-1: Ball Nick Daigle steals 2nd base 1-1: Ball 2-1: Called Strike 2-2: Ground out 5-3 (Groundball, 56, EV 91.2 MPH)
|
|
Batting: RHB Gang-sheng Chew
|
0-0: Ball 1-0: Swinging Strike 1-1: Foul Ball, location: 2F 1-2: Strikes out looking
|
|
Batting: SHB Salvador Gomez
|
0-0: Called Strike 0-1: Ground out 6-3 (Groundball, 6, EV 86.9 MPH)
|
| Bottom of the 4th over - 0 runs, 0 hits, 0 errors, 1 left on base; Milwaukee (NYP) 1 - Brooklyn 1 |
| TOP OF THE 5TH |
|
Milwaukee (NYP) Brewers batting - Pitching for Brooklyn Cyclones : LHP Brad Guffin
|
|
Batting: LHB Fumito Sakurai
|
0-0: Ball 1-0: Ball 2-0: Called Strike 2-1: Ball 3-1: Base on Balls
|
|
Batting: RHB Tony Beaumond
|
0-0: Ball 1-0: Ball 2-0: Foul Ball, location: 2F 2-1: Foul Ball, location: 2F 2-2: Foul Ball, location: 2F 2-2: Foul Ball, location: 2F 2-2: SINGLE (Groundball, 34D, EV 103.8 MPH) Fumito Sakurai to second
|
|
Batting: RHB Chris Riddel
|
0-0: Ball 1-0: Foul Ball, location: 2F 1-1: SINGLE (Groundball, 56D, EV 104.4 MPH) Fumito Sakurai to third Tony Beaumond to second
|
|
Batting: RHB Chris Maul
|
0-0: Called Strike 0-1: Called Strike 0-2: Ball 1-2: Ball 2-2: Fly out, F7 (Flyball, 78M, EV 87.5 MPH)
|
|
Batting: RHB Alfredo Sena
|
0-0: Ball Balk! Fumito Sakurai scores Tony Beaumond to third Chris Riddel to second 1-0: Ball 2-0: Called Strike 2-1: Ball 3-1: SINGLE (Groundball, 4M, EV 93.1 MPH) (infield hit) Tony Beaumond scores Chris Riddel to third
|
|
Pitching: RHP Justin Williams
|
|
|
Batting: RHB Tristan Smeets
|
0-0: Called Strike 0-1: SINGLE (Groundball, 34S, EV 80.0 MPH) (infield hit) Chris Riddel scores Alfredo Sena to second
|
|
Batting: RHB Xiao-shuang Au
|
0-0: Called Strike 0-1: Swinging Strike 0-2: Ball 1-2: Ball 2-2: Ball 3-2: Base on Balls Alfredo Sena to third Tristan Smeets to second
|
|
Batting: RHB Jeremy Harden
|
0-0: SINGLE (Groundball, 56D, EV 103.8 MPH) Alfredo Sena scores Tristan Smeets to third Xiao-shuang Au to second Runner from 3rd tries for Home, SAFE, throw by LF to home
|
|
Batting: RHB Ryan Miller
|
0-0: Ball 1-0: Ball 2-0: Foul Ball, location: 2F 2-1: Grounds into double play, 4-6-3 (Groundball, 4, EV 86.2 MPH)
|
| Top of the 5th over - 5 runs, 5 hits, 0 errors, 1 left on base; Milwaukee (NYP) 6 - Brooklyn 1 |
| BOTTOM OF THE 5TH |
|
Brooklyn Cyclones batting - Pitching for Milwaukee (NYP) Brewers : RHP Jayden Whittick
|
|
Batting: RHB Chris Pynn
|
0-0: Ball 1-0: Ball 2-0: Called Strike 2-1: Ball 3-1: Base on Balls
|
|
Batting: SHB Callum Lynch
|
0-0: Called Strike 0-1: Ball 1-1: Called Strike 1-2: Strikes out swinging
|
|
Batting: RHB Jack Nickleberry
|
0-0: Ball 1-0: Foul Ball, location: 2F 1-1: Ball 2-1: Foul Ball, location: 2F 2-2: Ball 3-2: Foul Ball, location: 2F 3-2: Fly out, F7 (Line Drive, 7S, EV 92.5 MPH)
|
|
Batting: SHB Tyler Maddux
|
0-0: Foul Ball, location: 2F 0-1: Foul Ball, location: 2F 0-2: Ball 1-2: Ball 2-2: Foul Ball, location: 2F 2-2: Ball 3-2: Ground out 5-3 (Groundball, 56S, EV 63.8 MPH)
|
| Bottom of the 5th over - 0 runs, 0 hits, 0 errors, 1 left on base; Milwaukee (NYP) 6 - Brooklyn 1 |
| TOP OF THE 6TH |
|
Milwaukee (NYP) Brewers batting - Pitching for Brooklyn Cyclones : RHP Justin Williams
|
|
Batting: LHB Fumito Sakurai
|
0-0: Ball 1-0: Called Strike 1-1: Foul Ball, location: 2F 1-2: Ball 2-2: Strikes out looking
|
|
Batting: RHB Tony Beaumond
|
0-0: Ball 1-0: Foul Ball, location: 2F 1-1: Ball 2-1: Ball 3-1: Base on Balls
|
|
Batting: RHB Chris Riddel
|
0-0: Ball 1-0: Ball 2-0: Grounds into double play, 6-4-3 (Groundball, 6, EV 96.9 MPH)
|
| Top of the 6th over - 0 runs, 0 hits, 0 errors, 0 left on base; Milwaukee (NYP) 6 - Brooklyn 1 |
| BOTTOM OF THE 6TH |
|
Brooklyn Cyclones batting - Pitching for Milwaukee (NYP) Brewers : RHP Jayden Whittick
|
|
Pitching: RHP Butch Powers
|
|
|
Batting: RHB Jake Geib
|
0-0: Ground out 4-3 (Groundball, 4, EV 100.6 MPH)
|
|
Batting: SHB Nick Daigle
|
0-0: Called Strike 0-1: Foul Ball, location: 2F 0-2: Ball 1-2: Fly out, F7 (Flyball, 78S, EV 76.2 MPH)
|
|
Batting: RHB Coltin Nellis
|
0-0: SINGLE (Groundball, 2L, EV 63.8 MPH) (infield hit)
|
|
Batting: RHB Gang-sheng Chew
|
0-0: Ball 1-0: Fly out, F7 (Flyball, 7LD, EV 101.2 MPH)
|
| Bottom of the 6th over - 0 runs, 1 hit, 0 errors, 1 left on base; Milwaukee (NYP) 6 - Brooklyn 1 |
| TOP OF THE 7TH |
|
Milwaukee (NYP) Brewers batting - Pitching for Brooklyn Cyclones : RHP Justin Williams
|
|
Batting: RHB Chris Maul
|
0-0: Ground out U3 (Groundball, 13, EV 81.2 MPH)
|
|
Batting: RHB Alfredo Sena
|
0-0: Ball 1-0: Foul Ball, location: 2F 1-1: Foul Ball, location: 2F 1-2: SINGLE (Groundball, 4D, EV 103.1 MPH)
|
|
Batting: RHB Tristan Smeets
|
0-0: Hit by Pitch Alfredo Sena to second
|
|
Batting: RHB Xiao-shuang Au
|
0-0: Ball 1-0: Called Strike 1-1: Called Strike 1-2: Strikes out swinging
|
|
Batting: RHB Jeremy Harden
|
0-0: Ball 1-0: Called Strike 1-1: Ball 2-1: Ball 3-1: Fly out, F4 (Popup, 4MD, EV 51.2 MPH)
|
| Top of the 7th over - 0 runs, 1 hit, 0 errors, 2 left on base; Milwaukee (NYP) 6 - Brooklyn 1 |
| BOTTOM OF THE 7TH |
|
Brooklyn Cyclones batting - Pitching for Milwaukee (NYP) Brewers : RHP Butch Powers
|
|
Batting: SHB Salvador Gomez
|
0-0: Called Strike 0-1: Called Strike 0-2: Ground out U3 (Groundball, 3, EV 108.8 MPH)
|
|
Batting: RHB Chris Pynn
|
0-0: Ball 1-0: Called Strike 1-1: Fly out, F8 (Flyball, 8LM, EV 70.6 MPH)
|
|
Batting: SHB Callum Lynch
|
0-0: Ground out 5-3 (Groundball, 56S, EV 83.1 MPH)
|
| Bottom of the 7th over - 0 runs, 0 hits, 0 errors, 0 left on base; Milwaukee (NYP) 6 - Brooklyn 1 |
| TOP OF THE 8TH |
|
Milwaukee (NYP) Brewers batting - Pitching for Brooklyn Cyclones : RHP Justin Williams
|
|
Batting: RHB Ryan Miller
|
0-0: Called Strike 0-1: Ball 1-1: Ball 2-1: SINGLE (Groundball, 6M, EV 80.6 MPH) (infield hit)
|
|
Pitching: LHP Tony Diaz
|
|
|
Batting: LHB Fumito Sakurai
|
0-0: Ball 1-0: Swinging Strike 1-1: Called Strike 1-2: Foul Ball, location: 2F 1-2: Strikes out swinging
|
|
Batting: RHB Tony Beaumond
|
0-0: Foul Ball, location: 2F 0-1: 2-RUN HOME RUN (Flyball, 78XD, EV 105.0 MPH), Distance : 418 ft
|
|
Batting: RHB Chris Riddel
|
0-0: Foul Ball, location: 2F 0-1: Called Strike 0-2: Ball 1-2: Ball 2-2: SINGLE (Line Drive, 5D, EV 99.4 MPH)
|
|
Batting: RHB Chris Maul
|
0-0: Called Strike 0-1: Ball 1-1: Ball 2-1: Swinging Strike 2-2: Foul Ball, location: 2F 2-2: Ball 3-2: Base on Balls Chris Riddel to second
|
|
Batting: RHB Alfredo Sena
|
0-0: Called Strike 0-1: Swinging Strike 0-2: Ball 1-2: Ball 2-2: Strikes out swinging
|
|
Batting: RHB Tristan Smeets
|
0-0: Fly out, F9 (Flyball, 89M, EV 83.1 MPH)
|
| Top of the 8th over - 2 runs, 3 hits, 0 errors, 2 left on base; Milwaukee (NYP) 8 - Brooklyn 1 |
| BOTTOM OF THE 8TH |
|
Brooklyn Cyclones batting - Pitching for Milwaukee (NYP) Brewers : RHP Butch Powers
|
|
Batting: RHB Jack Nickleberry
|
0-0: Fly out, F8 (Flyball, 8RD, EV 101.2 MPH)
|
|
Batting: SHB Tyler Maddux
|
0-0: Ball 1-0: Ground out U3 (Groundball, 3L, EV 83.1 MPH)
|
|
Batting: RHB Jake Geib
|
0-0: Fly out, F9 (Line Drive, 89M, EV 88.1 MPH)
|
| Bottom of the 8th over - 0 runs, 0 hits, 0 errors, 0 left on base; Milwaukee (NYP) 8 - Brooklyn 1 |
| TOP OF THE 9TH |
|
Milwaukee (NYP) Brewers batting - Pitching for Brooklyn Cyclones : LHP Tony Diaz
|
|
Batting: RHB Xiao-shuang Au
|
0-0: Hit by Pitch
|
|
Batting: RHB Jeremy Harden
|
0-0: Ball 1-0: Swinging Strike 1-1: Called Strike 1-2: Ball 2-2: Fly out, F9 (Flyball, 89D, EV 97.5 MPH)
|
|
Pitching: RHP Jason Jones
|
|
|
Batting: RHB Ryan Miller
|
0-0: Ball 1-0: Called Strike Xiao-shuang Au steals 2nd base 1-1: Ball 2-1: Swinging Strike 2-2: Ball 3-2: Fly out, F9 (Flyball, 9LM, EV 82.5 MPH)
|
|
Batting: LHB Fumito Sakurai
|
0-0: Called Strike 0-1: Ground out 4-3 (Groundball, 4, EV 102.5 MPH)
|
| Top of the 9th over - 0 runs, 0 hits, 0 errors, 1 left on base; Milwaukee (NYP) 8 - Brooklyn 1 |
| BOTTOM OF THE 9TH |
|
Brooklyn Cyclones batting - Pitching for Milwaukee (NYP) Brewers : RHP Butch Powers
|
|
Batting: SHB Nick Daigle
|
0-0: Ground out U3 (Groundball, 3, EV 110.6 MPH)
|
|
Batting: RHB Coltin Nellis
|
0-0: Ball 1-0: Foul Ball, location: 2F 1-1: Fly out, F7 (Line Drive, 7S, EV 93.8 MPH)
|
|
Batting: RHB Gang-sheng Chew
|
0-0: Swinging Strike 0-1: Ball 1-1: Foul Ball, location: 2F 1-2: Ball 2-2: Ball 3-2: Strikes out swinging
|
| Bottom of the 9th over - 0 runs, 0 hits, 0 errors, 0 left on base; Milwaukee (NYP) 8 - Brooklyn 1 |
|